 Dungeon Crawl Stone Soup version 0.22-a0-265-g0d8bc90 (webtiles) character file.

1897245 Ijustatesigmund the Executioner (level 27, 232/232 HPs)
             Began as a Gnoll Fighter on Mar 2, 2018.
             Was the Champion of Cheibriados.
             Escaped with the Orb
             ... and 3 runes on Mar 7, 2018!
             The game lasted 05:40:36 (62707 turns).

Ijustatesigmund the Executioner (Gnoll Fighter)    Turns: 62707, Time: 05:40:37

Health: 232/232    AC: 35    Str: 36    XL:     27
Magic:  46/46      EV: 35    Int: 33    God:    Cheibriados [******]
Gold:   3680       SH: 25    Dex: 39    Spells: 11/65 levels left

rFire    + + +     SeeInvis +   x - +9 broad axe (vamp)
rCold    + + .     Gourm    .   c - +5 shield
rNeg     . . .     Faith    .   C - +8 fire dragon scales {Xtahua}
rPois    .         Spirit   .   u - +3 crown of Dyrovepreva {rElec Int+2 SInv}
rElec    +         Reflect  .   d - scarf {rC+ rF+}
rCorr    .         Harm     .   q - +2 pair of gloves of Tulips {Str+4}
MR       ++...                  R - +2 pair of boots {Stlth+}
Stlth    +++.......             a - amulet of Irukaal {Acrobat Dex+4 Slay+3}
HPRegen  0.48/turn              Q - ring of protection from fire
MPRegen  0.30/turn              L - ring of New Discoveries {rF- rC++ Str-2 Slay+5 Stlth+}

@: studying 2 skills, very slow
A: distributed training, fangs 1, rugged brown scales 1, dopey 1, screaming 2,
strong nose
0: Orb of Zot
}: 3/15 runes: serpentine, barnacled, silver
a: Bend Time, Temporal Distortion, Slouch, Step From Time, Renounce Religion


You escaped.
You worshipped Cheibriados.
Cheibriados was exalted by your worship.
You were very full.

You visited 11 branches of the dungeon, and saw 51 of its levels.
You visited the Abyss 5 times.
You visited 1 ziggurat, and saw 14 of its levels.
You also visited: Labyrinth, Ice Cave, Volcano and Desolation.

You collected 8790 gold pieces.
You spent 5110 gold pieces at shops.

Inventory:

Hand Weapons
 l - the +12 trident "Loijaot" {protect, *Drain rC+ rN+ Int+4}
   (You found it on level 5 of the Dungeon)

   It protects the one who uses it against injury (+AC on strike).
   It affects your intelligence (+4).
   It protects you from cold.
   It protects you from negative energy.
   It causes draining when unequipped.
 x - a +9 vampiric broad axe (weapon)
 G - a +9 demon blade of flaming
Missiles
 J - 8 javelins (quivered)
 Z - 9 poisoned javelins
Armour
 b - a +6 crystal plate armour
 c - a +5 shield (worn)
 d - a scarf of resistance (worn)
 q - the +2 pair of gloves of Tulips (worn) {Str+4}
   (You acquired it on level 1 of the Vaults)

   It affects your strength (+4).
 u - the +3 crown of Dyrovepreva (worn) {rElec Int+2 SInv}
   (You found it on level 5 of the Vaults)

   It affects your intelligence (+2).
   It insulates you from electricity.
   It lets you see invisible.
 C - +8 fire dragon scales (worn) {Xtahua}
 R - a +2 pair of boots of stealth (worn)
Jewellery
 a - the amulet of Irukaal (around neck) {Acrobat Dex+4 Slay+3}
   (You bought it in a shop on level 2 of the Snake Pit)

   [amulet of the acrobat]

   It helps you evade while moving and waiting.
   It affects your dexterity (+4).
   It affects your accuracy and damage with ranged weapons and melee attacks
   (+3).
 e - the ring of Itrowk {rC- rN+ Dex+6 Slay+3}
   (You found it in the Desolation of Salt)

   [ring of slaying]

   It affects your dexterity (+6).
   It affects your accuracy and damage with ranged weapons and melee attacks
   (+3).
   It makes you vulnerable to cold.
   It protects you from negative energy.
 t - an uncursed ring of protection from cold
 w - the ring "Usitz" {rElec Stlth-}
   (You found it in an ice cave)

   [ring of loudness]

   It insulates you from electricity.
   It makes you less stealthy.
 D - the ring of Divine Intervention {Int+2 SInv}
   (You found it on level 11 of a ziggurat)

   [ring of see invisible]

   It affects your intelligence (+2).
   It lets you see invisible.
 I - an uncursed ring of resist corrosion
 L - the ring of New Discoveries (right hand) {rF- rC++ Str-2 Slay+5 Stlth+}
   (You found it in a labyrinth)

   [ring of strength]

   It affects your strength (-2).
   It affects your accuracy and damage with ranged weapons and melee attacks
   (+5).
   It makes you vulnerable to fire.
   It greatly protects you from cold.
   It makes you more stealthy.
 Q - a ring of protection from fire (left hand)
 S - the ring of Vubbia {+Fly EV+1 Slay+3}
   (You bought it in a shop on level 2 of the Orcish Mines)

   [ring of evasion]

   It affects your evasion (+1).
   It affects your accuracy and damage with ranged weapons and melee attacks
   (+3).
   It lets you fly.
 T - the ring of Omoch {+Blink MR+ Int+6}
   (You bought it in a shop on level 1 of the Orcish Mines)

   [ring of intelligence]

   It affects your intelligence (+6).
   It affects your resistance to hostile enchantments.
   It lets you blink.
 W - the ring of Hiqoduhe {rN+ Str+6 Int+2}
   (You found it on level 6 of a ziggurat)

   [ring of positive energy]

   It affects your strength (+6).
   It affects your intelligence (+2).
   It protects you from negative energy.
 Y - an uncursed amulet of regeneration
Wands
 y - a wand of acid (10)
 B - a wand of digging (57)
 N - a wand of iceblast (36)
 P - a wand of clouds (8)
Scrolls
 h - 17 scrolls of teleportation
 o - 20 scrolls of fog
 r - 48 scrolls of remove curse
 v - 3 scrolls of holy word
 z - 5 scrolls of silence
 K - 11 scrolls of magic mapping
 M - 2 scrolls of immolation
 U - 12 scrolls of blinking
 V - 2 scrolls of fear
 X - 6 scrolls of identify
Potions
 g - 4 potions of agility
 j - 6 potions of magic
 k - 17 potions of curing
 m - 3 potions of mutation
 n - 12 potions of flight
 p - 2 potions of heal wounds
 s - 6 potions of resistance
 H - 5 potions of brilliance
 O - 4 potions of might
Books
 A - a manual of Axes
 E - a manual of Conjurations
Miscellaneous
 i - 6 phantom mirrors
 F - a fan of gales
Comestibles
 f - 63 rations


   Skills:
 + Level 20.4 Fighting
 + Level 19.8 Short Blades
 + Level 19.8 Long Blades
 + Level 22.5 Axes
 + Level 20.1 Maces & Flails
 + Level 19.8 Polearms
 + Level 19.8 Staves
 + Level 19.8 Slings
 + Level 19.8 Bows
 + Level 19.8 Crossbows
 + Level 19.8 Throwing
 + Level 20.4 Armour
 + Level 19.8 Dodging
 + Level 19.8 Stealth
 + Level 20.4 Shields
 + Level 19.8 Unarmed Combat
 + Level 19.8 Spellcasting
 + Level 19.0 Conjurations
 + Level 17.1 Hexes
 + Level 17.1 Charms
 + Level 17.1 Summonings
 + Level 17.1 Necromancy
 + Level 17.1 Translocations
 + Level 17.1 Transmutations
 + Level 17.1 Fire Magic
 + Level 17.1 Ice Magic
 + Level 17.1 Air Magic
 + Level 17.1 Earth Magic
 + Level 17.1 Poison Magic
 + Level 21.2 Invocations
 + Level 19.8 Evocations


You had 11 spell levels left.
You knew the following spells:

 Your Spells              Type           Power        Failure   Level  Hunger
a - Magic Dart            Conj           ####         0%          1    None
b - Conjure Flame         Conj/Fire      ########     0%          3    None
c - Lee's Rapid Deconstr  Erth           #######...   1%          5    None
d - Blink                 Tloc           N/A          0%          2    None
e - Irradiate             Conj/Tmut      ########..   1%          5    None
f - Summon Butterflies    Summ           #######.     0%          1    None
g - Apportation           Tloc           ######       0%          1    None
h - Freezing Cloud        Conj/Ice/Air   #######...   1%          6    None
i - Regeneration          Chrm/Necr      #######...   0%          3    None
j - Death Channel         Necr           #######...   1%          6    None
k - Vampiric Draining     Necr           #######...   0%          3    None
l - Summon Hydra          Summ           #######...   1%          7    ##.....
m - Passwall              Tmut/Erth      #######...   0%          2    None
n - Lesser Beckoning      Tloc           #######...   0%          3    None
o - Bolt of Cold          Conj/Ice       ########..   1%          6    None


Dungeon Overview and Level Annotations

Branches:
Dungeon (15/15)            Temple (1/1) D:4            Lair (6/6) D:9
 Shoals (4/4) Lair:4        Snake (4/4) Lair:3        Slime (0/5) Lair:6
    Orc (2/2) D:9             Elf (3/3) Orc:2        Vaults (5/5) D:13
  Crypt (0/3) Vaults:3     Depths (5/5) D:15           Hell (1/1)
    Zot (5/5) Depths:5
    Dis: Hell:1         Geh: Hell:1         Coc: Hell:1         Tar: Hell:1

Altars:
Ashenzari
Cheibriados
Dithmenos
Elyvilon
Fedhas
Gozag
Hepliaklqana
Kikubaaqudgha
Makhleb
Nemelex Xobeh
Okawaru
Qazlal
Ru
Sif Muna
Trog
Uskayaw
Vehumet
Wu Jian
Xom
Yredelemnul
Zin
The Shining One

Shops:
D:7 (   Orc:1 =   Orc:2 [=*(   Shoals:1 %?*   Snake:1 ?:   Snake:2 ==}
Vaults:1 ?   Vaults:2 (   Vaults:5 [   Depths:2 *   Depths:4 [

Portals:
Hell: Depths:1 Depths:2 Depths:3 Depths:4 Depths:5
Abyss: Depths:4 Depths:5
Pandemonium: Depths:1 Depths:2 Depths:3

Annotations:
Hell Geryon


Innate Abilities, Weirdness & Mutations

Your experience applies equally to all skills.
You have very sharp teeth.
Your uncanny sense of smell can sniff out nearby items.
You are partially covered in rugged brown scales. (AC +1, +3% HP)
You are dopey. (Int -2)
You sometimes yell uncontrollably at your foes.


Message History

The Orb Guardian is moderately wounded.
You block the Orb Guardian's attack.
You barely miss the Orb Guardian.
You bite the Orb Guardian, but do no damage.
The Orb Guardian is moderately wounded.
The Orb Guardian completely misses you.
You hit the Orb Guardian but do no damage.
You bite the Orb Guardian.
The Orb Guardian is moderately wounded.
You block the Orb Guardian's attack.
You carve the Orb Guardian like a ham!!!
You feel better.
You kill the Orb Guardian!
Cheibriados appreciates the change of pace.
Evoke which item? (* to show all) (? for menu, Esc to quit)
Aiming: Dig
Press: ? - help, Shift-Dir - straight line The rock shatters into small pieces.
There is a staircase leading out of the dungeon here.
You have escaped!

#######.^...#####################
.......).........................
#####.#.....###.################.
.# #.######.##.## #. .####.##
##.#..# #. .......# ##.#.## #.
.......# ####...#### #.
..X#...#####.........#### #.
..#>#..##....(..@.......# ######.
...#...#####.........######[.....
.......# ####...####........###
.......# ##.## #.#.##.#.#
##.#..## #.#####.####.#.# #..#.#
#..........#.#.# ##.#.#
##########.#...# #.#.# #.#.####
#..(# #.#....#


There were no monsters in sight!

Vanquished Creatures
  A seraph (D:10)
  3 orbs of fire
  11 ancient liches
  Sojobo (Vaults:2)
  3 shard shrikes (Zig:10)
  Frederick (Vaults:2)
  A curse toe (Zot:5)
  Vashnia (Snake:2)
  3 caustic shrikes (Zig:13)
  4 Killer Klowns
  Xtahua (Depths:5)
  Saint Roka (Vaults:5)
  Nikola (Shoals:3)
  12 golden dragons
  3 bone dragons
  6 electric golems
  Jorgrun (Elf:3)
  2 liches
  Rupert (D:14)
  An Ice Fiend (D:1)
  22 tentacled monstrosities
  29 Orb Guardians
  A deep elf blademaster (Elf:3)
  6 quicksilver dragons
  2 titans (Vaults:5)
  3 deep elf master archers (Elf:3)
  12 death cobs
  9 tentacled starspawn
  2 krakens (Shoals:4)
  8 acid blobs
  Agnes (D:15)
  Kirke (D:15)
  Polyphemus (Shoals:2)
  5 tengu reavers
  6 sphinxes
  Ilsuiw (Shoals:4)
  20 storm dragons
  7 shadow dragons
  A revenant (Zig:14)
  11 fire giants
  7 nagarajas (Snake:4)
  6 draconian monks
  3 azure jellies
  5 draconian knights
  13 vault wardens
  11 frost giants
  4 iron dragons
  12 draconian scorchers
  An imperial myrmidon (Desolation)
  The ghost of Autsider the Impaler, a journeyman MfSk of Ashenzari (D:15)
  A ghost moth (shapeshifter) (Vaults:2)
  2 ghost moths
  5 balrugs
  11 deep elf elementalists
  An orc warlord (Orc:1)
  Aizul (Snake:1)
  A curse skull (Zig:1)
  8 deep elf sorcerers (Elf:3)
  An angel (D:11)
  9 draconian shifters
  Louise (D:14)
  7 draconian annihilators
  3 draconian stormcallers
  2 spriggan defenders (Depths:3)
  A cacodemon (Abyss:2)
  4 war gargoyles
  14 ironheart preservers
  2 ghouls (Zig:14)
  31 very ugly things
  17 stone giants
  5 entropy weavers
  A vampire knight (Depths:4)
  15 black draconians
  14 purple draconians
  6 deep elf demonologists
  7 green draconians
  Nessos (Lair:6)
  6 deep elf annihilators
  16 red draconians
  Azrael (Snake:2)
  2 lorocyprocas (Zot:5)
  12 yellow draconians
  A dire elephant (D:15)
  4 spark wasps (Depths:5)
  2 halazid warlocks (Desolation)
  A minotaur (Lab)
  6 eidola (Zig:14)
  21 white draconians
  11 ettins
  Snorg (Lair:4)
  4 crystal guardians
  4 deep elf death magi (Elf:3)
  The ghost of KristoblXynda the Basher, a journeyman DrHu of Qazlal (D:13)
  10 fire dragons
  2 jiangshi (Zig:14)
  2 death oozes (Zig:12)
  10 merfolk impalers
  4 merfolk javelineers
  21 yaktaur captains
  A fire dragon (shapeshifter) (Elf:3)
  8 deep elf high priests
  3 great orbs of eyes
  8 rakshasas
  9 ice dragons
  10 servants of whispers (Desolation)
  5 ragged hierophants (Desolation)
  The ghost of Ijustatesigmund the Blocker, a journeyman GnFi of Cheibriados (D:11)
  18 naga warriors
  Fannar (D:11)
  25 vault guards
  A hydra (shapeshifter) (Vaults:5)
  15 hydras
  11 peacekeepers
  3 spriggan air magi
  20 anacondas
  2 ghost crabs (Zig:8)
  11 ogre magi
  3 alligator snapping turtles
  8 merfolk aquamancers
  4 merfolk avatars
  Erica (Lair:1)
  36 two-headed ogres
  10 death yaks
  4 satyrs
  23 dancing weapons
  A hell hog (Abyss:4)
  5 tengu warriors
  5 centaur warriors
  2 alligators (Zig:8)
  A satyr (shapeshifter) (Abyss:5)
  4 deep troll earth magi
  4 vampire magi
  4 deep troll shamans
  Urug (D:13)
  4 orc high priests
  5 shock serpents
  11 naga sharpshooters
  32 thrashing horrors
  4 spriggan berserkers
  3 soul eaters
  24 deep elf knights
  13 small abominations
  An iron golem (Zig:13)
  A sun demon (Hell)
  7 spriggans
  A death drake (shapeshifter) (Vaults:4)
  13 wretched stars
  3 salamander mystics (Snake:4)
  6 shadow wraiths
  3 fire crabs (Zig:5)
  2 iron trolls
  A deep troll (shapeshifter) (Zig:9)
  A death drake (Zig:6)
  A sixfirhy (Abyss:2)
  7 hell knights
  28 deep trolls
  10 unseen horrors
  A spriggan druid (Zig:8)
  A torturous demonspawn (Depths:1)
  11 naga ritualists
  8 glowing orange brains
  10 sea snakes
  2 wizards
  30 starcursed masses
  8 flayed ghosts
  22 harpies
  A sea snake (shapeshifter) (Vaults:2)
  2 swamp dragons
  An orange crystal statue (Zig:3)
  12 deep elf archers
  14 orc knights
  A lindwurm (Lair:6)
  A tengu zombie (Vaults:2)
  4 phantasmal warriors
  19 ironbrand convokers
  An anaconda skeleton (Abyss:2)
  6 necromancers
  A wolf spider zombie (D:15)
  5 oklob plants (Lair:6)
  61 deep elf magi
  10 mana vipers
  An orb spider (shapeshifter) (Abyss:5)
  11 fauns
  8 orc sorcerers
  A stone giant zombie (Zig:3)
  72 ugly things
  2 worldbinders (Abyss:2)
  A mana viper (shapeshifter) (Abyss:5)
  16 salamanders
  6 wolf spiders
  20 moths of wrath
  3 shining eyes (Zig:7)
  12 cyclopes
  8 elephants (Lair:4)
  10 manticores
  A rust devil (Depths:1)
  8 smoke demons
  A black mamba (shapeshifter) (Vaults:4)
  3 centaur zombies
  2 apocalypse crabs (Abyss:5)
  53 black mambas
  Maurice (D:8)
  4 molten gargoyles
  A torpor snail (shapeshifter) (Abyss:5)
  5 water nymphs
  An ice statue (IceCv)
  14 merfolk sirens
  Psyche (D:9)
  27 guardian serpents
  14 vault sentinels
  Joseph (D:7)
  A spiny frog (shapeshifter) (Vaults:2)
  14 naga magi
  3 orange demons
  A titan simulacrum (Abyss:2)
  2 minotaur zombies (Lab)
  3 torpor snails
  A yaktaur zombie (Vaults:2)
  7 gargoyles
  18 spiny frogs
  2 rime drakes
  3 human zombies (Vaults:2)
  A hellion (D:11)
  4 freezing wraiths
  A yaktaur (shapeshifter) (D:15)
  A kobold demonologist (D:12)
  30 yaktaurs
  3 demonic crawlers
  9 komodo dragons
  4 efreet
  10 hellwings
  A golden dragon simulacrum (Zig:10)
  3 ice devils
  A tormentor (Abyss:5)
  13 ancient zymes
  A yaktaur skeleton (Vaults:1)
  5 tengu conjurers
  6 wind drakes
  A queen bee (Abyss:4)
  7 trolls
  6 red devils
  A jumping spider (shapeshifter) (Vaults:4)
  23 merfolk
  A tengu simulacrum (Vaults:2)
  21 polar bears
  A troll (shapeshifter) (Vaults:2)
  14 hornets
  A polar bear (shapeshifter) (Abyss:5)
  2 jumping spiders
  8 meliai
  12 raiju
  32 dream sheep
  61 saltlings
  13 blink frogs
  3 bog bodies (Zig:6)
  8 hippogriffs
  An iron dragon simulacrum (Zig:10)
  2 frost giant simulacra
  4 human simulacra
  12 snapping turtles
  A raiju (shapeshifter) (Vaults:5)
  19 slime creatures
  6 redbacks
  4 air elementals
  2 spriggans (shapeshifter)
  2 shadows
  7 wyverns
  5 ynoxinuls
  3 tarantellas
  3 vampires
  2 wraiths
  7 fire elementals
  A basilisk (shapeshifter) (Vaults:2)
  6 fire bats
  75 yaks
  4 steam dragons
  21 water elementals
  5 basilisks
  7 neqoxecs
  8 chaos spawn
  2 hogs (D:15)
  15 large abominations
  8 vampire mosquitoes
  7 hungry ghosts
  A swamp worm (shapeshifter) (Zig:11)
  An acid dragon (shapeshifter) (Depths:1)
  59 nagas
  2 wargs (shapeshifter)
  7 wargs
  An insubstantial wisp (Zig:6)
  2 acid dragons
  An elf zombie (Vaults:1)
  23 hell hounds
  Duvessa (D:6)
  8 porcupines
  21 water moccasins
  A swamp drake (Zig:6)
  38 orc warriors
  9 black bears
  A black bear (shapeshifter) (Zig:11)
  2 hornet zombies
  7 sky beasts
  3 eyes of draining
  2 phantoms
  6 ice beasts
  11 boggarts
  2 eyes of draining (shapeshifter)
  16 centaurs
  39 ogres
  31 wolves
  A human skeleton (Vaults:2)
  A crocodile (shapeshifter) (Depths:1)
  A big kobold (D:8)
  9 crocodiles
  17 bullfrogs
  A big kobold (shapeshifter) (Vaults:4)
  Dowan (D:6)
  A gnoll sergeant (D:13)
  7 earth elementals
  A glowing shapeshifter simulacrum (Vaults:1)
  5 scorpions
  A water moccasin zombie (D:6)
  13 killer bees
  3 troll skeletons (Lab)
  7 wights (D:13)
  8 howler monkeys
  3 electric eels (Lair:1)
  16 crimson imps
  9 lava snakes
  2 bullfrog zombies
  4 quasits
  15 orc priests
  Crazy Yiuf (D:3)
  3 bullfrog skeletons
  6 hounds
  6 centaur skeletons
  A gnoll shaman (D:4)
  An iron imp (Depths:1)
  2 jellies
  3 iguanas
  19 orc wizards
  7 worker ants
  An ogre skeleton (Lab)
  9 gnolls
  24 adders
  2 shadow imps
  16 white imps
  An ufetubus (Abyss:4)
  2 oozes
  An ooze (shapeshifter) (Vaults:5)
  An adder zombie (D:10)
  An adder skeleton (D:9)
  3 worms
  6 leopard geckos
  111 orcs
  8 giant cockroaches
  8 goblins
  5 hobgoblins
  5 quokkas
  5 ball pythons
  5 bats
  6 frilled lizards
  12 kobolds
  A leopard gecko skeleton (D:7)
  A quokka skeleton (D:9)
  4 rats
  4 crawling corpses
  A lurking horror (Abyss:4)
  6 plants
  10 starspawn tentacles
  4 tentacles (Shoals:4)
2906 creatures vanquished.

Vanquished Creatures (collateral kills)
  A golden dragon (Zig:11)
  A tentacled monstrosity (Zot:4)
  A sphinx (Zig:9)
  A tengu reaver (Zig:9)
  2 iron dragons (Zig:13)
  A vault warden (Zig:11)
  A frost giant (Zig:10)
  A draconian shifter (Zot:4)
  A stone giant (Zig:9)
  An entropy weaver (Zig:13)
  A blizzard demon (Zig:10)
  2 crystal guardians (Zig:13)
  A yaktaur captain (Zig:9)
  A catoblepas (Shoals:2)
  An alligator (Zig:8)
  An iron golem (Zig:13)
  A sea snake (Shoals:2)
  A swamp dragon (Zig:8)
  A shambling mangrove (Zig:8)
  An ironbrand convoker (Zig:11)
  An orb spider (Zig:4)
  A gargoyle (Zig:13)
  A torpor snail (Zig:4)
  A yaktaur (Zig:9)
  An efreet (Zig:5)
  A hornet (Zig:8)
  A merfolk (Shoals:2)
  A bog body (Zig:8)
  An ice beast (Zig:10)
  An earth elemental (Zig:13)
  A lightning spire (Zig:11)
33 creatures vanquished.

Vanquished Creatures (others)
  A draconian knight (Zot:2)
  An ironheart preserver (Vaults:5)
  A vault guard (Vaults:5)
  An anaconda (Snake:4)
  A deep elf knight (Elf:1)
  A deep elf archer (Elf:2)
  3 deep elf magi (Elf:2)
  4 polar bears (IceCv)
  A raiju (Abyss:5)
  A tarantella (Zig:4)
  3 water elementals (Depths:1)
  2 yaks (IceCv)
  A human (D:15)
  A naga (Snake:4)
  5 wolves (IceCv)
  A boggart (Vaults:1)
  A wight (D:13)
  A white imp (Depths:1)
  An orc (Orc:1)
  A rat (D:2)
  8 fungi
  2 lurking horrors
  39 plants
  16 starspawn tentacles
  12 tentacles (Shoals:4)
109 creatures vanquished.

Grand Total: 3048 creatures vanquished

Notes
Turn   | Place    | Note
-------+----------+-------------------------------------------
     0 | D:1      | Ijustatesigmund the Gnoll Fighter began the quest for the Orb.
     0 | D:1      | Reached XP level 1. HP: 23/23 MP: 1/1
   169 | D:1      | Reached XP level 2. HP: 29/29 MP: 2/2
   248 | D:1      | Reached XP level 3. HP: 35/35 MP: 3/3
   571 | D:2      | Reached skill level 1 in Invocations
   585 | D:2      | Reached skill level 1 in Short Blades
   585 | D:2      | Reached skill level 1 in Long Blades
   585 | D:2      | Reached skill level 1 in Axes
   585 | D:2      | Reached skill level 1 in Polearms
   585 | D:2      | Reached skill level 1 in Staves
   585 | D:2      | Reached skill level 1 in Slings
   585 | D:2      | Reached skill level 1 in Bows
   585 | D:2      | Reached skill level 1 in Crossbows
   585 | D:2      | Reached skill level 1 in Throwing
   585 | D:2      | Reached skill level 1 in Dodging
   585 | D:2      | Reached skill level 1 in Stealth
   585 | D:2      | Reached skill level 1 in Unarmed Combat
   585 | D:2      | Reached skill level 1 in Spellcasting
   585 | D:2      | Reached skill level 1 in Evocations
   585 | D:2      | Reached XP level 4. HP: 33/41 MP: 5/5
   706 | D:2      | Found a stormy altar of Qazlal.
   882 | D:2      | Found a burning altar of Makhleb.
   883 | D:2      | Found a shimmering altar of Xom.
  1069 | D:2      | Found a radiant altar of Vehumet.
  1444 | D:3      | Reached skill level 1 in Conjurations
  1444 | D:3      | Reached skill level 1 in Hexes
  1444 | D:3      | Reached skill level 1 in Charms
  1444 | D:3      | Reached skill level 1 in Summonings
  1444 | D:3      | Reached skill level 1 in Necromancy
  1444 | D:3      | Reached skill level 1 in Translocations
  1444 | D:3      | Reached skill level 1 in Transmutations
  1444 | D:3      | Reached skill level 1 in Fire Magic
  1444 | D:3      | Reached skill level 1 in Ice Magic
  1444 | D:3      | Reached skill level 1 in Air Magic
  1444 | D:3      | Reached skill level 1 in Earth Magic
  1444 | D:3      | Reached skill level 1 in Poison Magic
  1511 | D:3      | Reached XP level 5. HP: 37/47 MP: 6/6
  1705 | D:3      | Found a runed door.
  1710 | D:3      | Noticed Crazy Yiuf
  1715 | D:3      | Killed Crazy Yiuf
  2131 | D:3      | Found a burning altar of Makhleb.
  2322 | D:4      | Noticed an ogre
  2322 | D:4      | Reached XP level 6. HP: 53/53 MP: 8/8
  2335 | D:4      | Reached skill level 2 in Axes
  2335 | D:4      | Reached skill level 5 in Maces & Flails
  2456 | D:4      | Found a staircase to the Ecumenical Temple.
  2464 | Temple   | Entered the Ecumenical Temple
  2534 | Temple   | Became a worshipper of Cheibriados the Contemplative
  2752 | D:4      | Reached XP level 7. HP: 59/59 MP: 10/10
  3203 | D:5      | Entered Level 5 of the Dungeon
  3350 | D:5      | Got a warped trident
  3351 | D:5      | Identified the +12 trident "Loijaot" {protect, *Drain rC+ rN+ Int+4} (You found it on level 5 of the Dungeon)
  3377 | D:5      | Found a sacrificial altar of Ru.
  3738 | D:5      | Found a shimmering altar of Xom.
  3941 | D:6      | Reached XP level 8. HP: 67/67 MP: 12/12
  4068 | D:6      | Reached * piety under Cheibriados
  4068 | D:6      | Reached skill level 3 in Axes
  4189 | D:6      | Found an iron altar of Okawaru.
  4191 | D:6      | Noticed Duvessa
  4192 | D:6      | Noticed Dowan
  4192 | D:6      | Found a basalt altar of Yredelemnul.
  4192 | D:6      | Found a hazy altar of Hepliaklqana.
  4208 | D:6      | Killed Duvessa
  4215 | D:6      | Killed Dowan
  4247 | D:6      | Got a slimy robe
  4464 | D:6      | Reached XP level 9. HP: 72/72 MP: 14/14
  4579 | D:7      | Reached ** piety under Cheibriados
  4674 | D:7      | Noticed Joseph
  4699 | D:7      | Killed Joseph
  4699 | D:7      | Reached skill level 4 in Axes
  4828 | D:7      | Found Munecs's Weapon Boutique.
  5205 | D:8      | Noticed Maurice
  5237 | D:8      | Paralysed by something for 4 turns
  5246 | D:8      | Killed Maurice
  5246 | D:8      | Reached skill level 5 in Invocations
  5302 | D:8      | Reached *** piety under Cheibriados
  5322 | D:8      | Noticed a two-headed ogre
  5333 | D:8      | Killed a two-headed ogre
  5333 | D:8      | Reached XP level 10. HP: 80/80 MP: 15/17
  5436 | D:8      | Reached skill level 5 in Short Blades
  5436 | D:8      | Reached skill level 5 in Long Blades
  5436 | D:8      | Reached skill level 5 in Axes
  5436 | D:8      | Reached skill level 5 in Polearms
  5436 | D:8      | Reached skill level 5 in Staves
  5436 | D:8      | Reached skill level 5 in Slings
  5436 | D:8      | Reached skill level 5 in Bows
  5436 | D:8      | Reached skill level 5 in Crossbows
  5436 | D:8      | Reached skill level 5 in Throwing
  5436 | D:8      | Reached skill level 5 in Dodging
  5436 | D:8      | Reached skill level 5 in Stealth
  5436 | D:8      | Reached skill level 5 in Unarmed Combat
  5436 | D:8      | Reached skill level 5 in Spellcasting
  5436 | D:8      | Reached skill level 5 in Evocations
  5479 | D:8      | Found a glowing silver altar of Zin.
  5489 | D:8      | Found an opulent altar of Gozag.
  6341 | D:9      | Reached **** piety under Cheibriados
  6407 | D:9      | Noticed a two-headed ogre
  6429 | D:9      | Killed a two-headed ogre
  6822 | D:9      | Found a staircase to the Orcish Mines.
  6853 | D:9      | Noticed Psyche
  6861 | D:9      | Killed Psyche
  6861 | D:9      | Reached XP level 11. HP: 87/87 MP: 19/19
  6952 | D:9      | Found a staircase to the Lair.
  6987 | D:10     | Entered Level 10 of the Dungeon
  7132 | D:10     | Reached ***** piety under Cheibriados
  7753 | D:10     | Killed an unseen horror
  7753 | D:10     | Reached skill level 6 in Axes
  7753 | D:10     | Reached skill level 5 in Conjurations
  7753 | D:10     | Reached skill level 5 in Hexes
  7753 | D:10     | Reached skill level 5 in Charms
  7753 | D:10     | Reached skill level 5 in Summonings
  7753 | D:10     | Reached skill level 5 in Necromancy
  7753 | D:10     | Reached skill level 5 in Translocations
  7753 | D:10     | Reached skill level 5 in Transmutations
  7753 | D:10     | Reached skill level 5 in Fire Magic
  7753 | D:10     | Reached skill level 5 in Ice Magic
  7753 | D:10     | Reached skill level 5 in Air Magic
  7753 | D:10     | Reached skill level 5 in Earth Magic
  7753 | D:10     | Reached skill level 5 in Poison Magic
  8016 | D:11     | Noticed Ijustatesigmund's ghost (journeyman GnFi)
  8052 | D:11     | Killed Ijustatesigmund's ghost
  8428 | D:12     | Noticed a cyclops
  8435 | D:12     | Killed a cyclops
  8554 | D:12     | Found a frozen archway.
  8570 | IceCv    | Entered an ice cave
  8781 | IceCv    | Reached XP level 12. HP: 96/96 MP: 22/22
  8815 | IceCv    | Reached ****** piety under Cheibriados
  8920 | IceCv    | Reached skill level 7 in Axes
  8964 | IceCv    | Noticed a death yak
  8982 | IceCv    | Killed a death yak
  9123 | IceCv    | Noticed a frost giant
  9138 | IceCv    | Killed a frost giant
  9172 | IceCv    | Got a warped marble ring
  9180 | IceCv    | Identified the ring "Usitz" {rElec Stlth-} (You found it in an ice cave)
  9292 | D:12     | Reached skill level 10 in Fighting
  9292 | D:12     | Reached skill level 10 in Armour
  9292 | D:12     | Reached skill level 10 in Shields
  9612 | D:12     | Learned a level 1 spell: Magic Dart
  9637 | D:12     | Found a radiant altar of Vehumet.
  9822 | D:13     | Reached XP level 13. HP: 86/103 MP: 15/24
  9878 | D:13     | Noticed KristoblXynda's ghost (journeyman DrHu)
 10344 | Lair:1   | Entered Level 1 of the Lair of Beasts
 10464 | Lair:1   | Noticed Erica
 10470 | Lair:1   | Killed Erica
 10540 | Lair:1   | Reached skill level 8 in Axes
 11583 | Lair:2   | Learned a level 3 spell: Conjure Flame
 12359 | Lair:3   | Found a dark tunnel.
 12369 | Volcano  | Entered a volcano
 12450 | Volcano  | Noticed a stone giant
 12463 | Volcano  | Killed a stone giant
 12688 | Volcano  | Reached XP level 14. HP: 109/111 MP: 26/26
 12852 | Lair:3   | Got a pair of blackened gloves
 12863 | Lair:3   | Identified the cursed +0 pair of gloves of Zin's Whim {Str+4} (You found it on level 3 of the Lair of Beasts)
 12937 | Lair:3   | Found a staircase to the Snake Pit.
 13162 | Lair:3   | Reached skill level 10 in Maces & Flails
 13572 | Lair:4   | Reached skill level 9 in Axes
 13969 | Lair:4   | Noticed Snorg
 13980 | Lair:4   | Killed Snorg
 14485 | Lair:4   | Found a staircase to the Shoals.
 14602 | Lair:4   | Reached skill level 10 in Invocations
 15486 | Lair:5   | Gained mutation: You are dopey. (Int -2) [potion of mutation]
 15486 | Lair:5   | Gained mutation: You are covered in fur. (AC +1) [potion of mutation]
 15486 | Lair:5   | Gained mutation: You are covered in thick fur. (AC +2) [potion of mutation]
 15486 | Lair:5   | Gained mutation: Your natural rate of healing is unusually fast. [potion of mutation]
 15667 | Lair:6   | Entered Level 6 of the Lair of Beasts
 15667 | Lair:6   | Found a labyrinth entrance.
 15678 | Lab      | Entered a labyrinth
 15963 | Lab      | Got a transparent ivory ring
 15985 | Lab      | Identified the cursed ring of New Discoveries {rF- rC++ Str-2 Slay+5 Stlth+} (You found it in a labyrinth)
 16128 | Lair:6   | Found a staircase to the Slime Pits.
 16262 | Lair:6   | Reached XP level 15. HP: 119/119 MP: 28/28
 16557 | Lair:6   | Found a large runed door.
 16558 | Lair:6   | Found a large runed door.
 16791 | Lair:6   | Noticed Nessos
 16792 | Lair:6   | Killed Nessos
 17614 | Orc:1    | Entered Level 1 of the Orcish Mines
 17661 | Orc:1    | Found Weinal's Jewellery Boutique.
 17830 | Orc:2    | Entered Level 2 of the Orcish Mines
 17830 | Orc:2    | Found Feal's Jewellery Shop.
 17830 | Orc:2    | Noticed an orc warlord
 17844 | Orc:1    | Killed an orc warlord
 17844 | Orc:1    | Reached skill level 10 in Short Blades
 17844 | Orc:1    | Reached skill level 10 in Long Blades
 17844 | Orc:1    | Reached skill level 10 in Axes
 17844 | Orc:1    | Reached skill level 10 in Polearms
 17844 | Orc:1    | Reached skill level 10 in Staves
 17844 | Orc:1    | Reached skill level 10 in Slings
 17844 | Orc:1    | Reached skill level 10 in Bows
 17844 | Orc:1    | Reached skill level 10 in Crossbows
 17844 | Orc:1    | Reached skill level 10 in Throwing
 17844 | Orc:1    | Reached skill level 10 in Dodging
 17844 | Orc:1    | Reached skill level 10 in Stealth
 17844 | Orc:1    | Reached skill level 10 in Unarmed Combat
 17844 | Orc:1    | Reached skill level 10 in Spellcasting
 17844 | Orc:1    | Reached skill level 10 in Evocations
 18245 | Orc:2    | Found Nuroseich's Antique Armour Emporium.
 18255 | Orc:2    | Bought a pair of glowing boots for 300 gold pieces
 18364 | Orc:2    | Found a staircase to the Elven Halls.
 18500 | Orc:2    | Found Jot Cetu's Antique Weapon Emporium.
 18546 | Orc:2    | Found Sucup Leotze's General Store.
 19036 | Orc:2    | Bought the ring of Vubbia {+Fly EV+1 Slay+3} for 345 gold pieces
 19066 | Orc:1    | Bought the ring of Omoch {+Blink MR+ Int+6} for 1015 gold pieces
 19254 | D:11     | Noticed Fannar
 19315 | D:11     | Killed Fannar
 19444 | D:11     | Reached XP level 16. HP: 127/127 MP: 30/30
 19776 | D:13     | Killed KristoblXynda's ghost
 19873 | D:13     | Found a gate to the Vaults.
 19989 | D:13     | Noticed Urug
 19995 | D:13     | Killed Urug
 20386 | D:14     | Noticed Rupert
 20396 | D:14     | Killed Rupert
 20499 | D:14     | Found a burning altar of Makhleb.
 20665 | D:14     | Noticed Louise
 20678 | D:14     | Killed Louise
 21258 | D:15     | Entered Level 15 of the Dungeon
 21424 | D:15     | Found a staircase to the Depths.
 21471 | D:15     | Noticed Autsider's ghost (journeyman MfSk)
 21506 | D:15     | Killed Autsider's ghost
 21511 | D:15     | Noticed Agnes
 21525 | D:15     | Killed Agnes
 21607 | D:15     | Noticed Kirke
 21620 | D:15     | Killed Kirke
 22518 | Lair:1   | Upgraded the game from 0.22-a0-252-gcace5d2 to 0.22-a0-259-gdd11e71
 22697 | Depths:1 | Entered Level 1 of the Depths
 22709 | D:15     | Reached skill level 11 in Axes
 22798 | Depths:1 | Reached XP level 17. HP: 135/135 MP: 32/32
 23499 | Depths:1 | Found a one-way gate leading to the halls of Pandemonium.
 23746 | Depths:1 | Found a gateway to Hell.
 24755 | Depths:2 | Reached skill level 10 in Conjurations
 24755 | Depths:2 | Reached skill level 10 in Hexes
 24755 | Depths:2 | Reached skill level 10 in Charms
 24755 | Depths:2 | Reached skill level 10 in Summonings
 24755 | Depths:2 | Reached skill level 10 in Necromancy
 24755 | Depths:2 | Reached skill level 10 in Translocations
 24755 | Depths:2 | Reached skill level 10 in Transmutations
 24755 | Depths:2 | Reached skill level 10 in Fire Magic
 24755 | Depths:2 | Reached skill level 10 in Ice Magic
 24755 | Depths:2 | Reached skill level 10 in Air Magic
 24755 | Depths:2 | Reached skill level 10 in Earth Magic
 24755 | Depths:2 | Reached skill level 10 in Poison Magic
 24835 | Depths:2 | Reached XP level 18. HP: 123/143 MP: 33/33
 24919 | Depths:2 | Noticed a lich
 24930 | Depths:2 | Killed a lich
 25118 | Depths:2 | Learned a level 5 spell: Lee's Rapid Deconstruction
 25569 | Depths:2 | Found Jafecu's Assorted Antiques.
 25577 | Depths:2 | Bought a crude glaive for 333 gold pieces
 25577 | Depths:2 | Bought a scroll of identify for 58 gold pieces
 25579 | Depths:2 | Identified the +7 glaive "Ihahi" {drain, Fragile rPois rF+ Str+3} (You bought it in a shop on level 2 of the Depths)
 25701 | Depths:2 | Reached skill level 12 in Axes
 26539 | Snake:1  | Entered Level 1 of the Snake Pit
 26562 | Lair:3   | Identified the +1 robe "Teigg" {rF+ rCorr MP+9 Str+4} (You found it on level 6 of the Dungeon)
 26575 | Snake:1  | Found Asejilir's Book Shoppe.
 26581 | Snake:1  | Found Ucoew's Magic Scroll Emporium.
 26599 | Snake:1  | Bought a book of Minor Magic for 380 gold pieces
 26602 | Snake:1  | Learned a level 2 spell: Blink
 26696 | Snake:1  | Identified a +1 pair of boots of running (You found it on level 1 of the Snake Pit)
 27604 | Snake:2  | Noticed Aizul
 27604 | Snake:2  | Noticed Vashnia
 27628 | Snake:1  | Killed Aizul
 27840 | Snake:2  | Killed Vashnia
 27919 | Snake:2  | Noticed Azrael
 27928 | Snake:2  | Killed Azrael
 28227 | Snake:2  | Reached XP level 19. HP: 151/151 MP: 35/35
 28429 | Snake:2  | Found Zujoshu's Jewellery Shop.
 28431 | Snake:2  | Found Siraefoh's Gadget Emporium.
 28432 | Snake:2  | Found Getwokos's Jewellery Shop.
 29186 | Snake:3  | Learned a level 5 spell: Irradiate
 29875 | Snake:4  | Entered Level 4 of the Snake Pit
 30317 | Snake:4  | Got a brightly glowing spear
 31478 | Snake:4  | Reached XP level 20. HP: 147/159 MP: 36/36
 31505 | Snake:4  | Reached skill level 13 in Axes
 31779 | Snake:4  | Got a serpentine rune of Zot
 32097 | Lair:1   | Identified the +3 spear of the Old World {pierce, MR+ Int+4} (You found it on level 4 of the Snake Pit)
 32212 | Vaults:1 | Entered Level 1 of the Vaults
 32601 | Snake:2  | Bought the amulet of Irukaal {Acrobat Dex+4 Slay+3} for 1044 gold pieces
 33449 | Vaults:1 | Found Bocrim's Magic Scroll Shoppe.
 34123 | Vaults:2 | Noticed Sojobo
 34146 | Vaults:2 | Killed Sojobo
 34618 | Vaults:2 | Noticed Frederick
 34635 | Vaults:2 | Killed Frederick
 34829 | Vaults:2 | Reached XP level 21. HP: 166/166 MP: 38/38
 35049 | Vaults:2 | Found Letezef's Weapon Shoppe.
 35752 | Vaults:3 | Found a staircase to the Crypt.
 35752 | Vaults:3 | Found a basalt altar of Yredelemnul.
 35753 | Vaults:3 | Found an ancient bone altar of Kikubaaqudgha.
 36217 | Vaults:3 | Reached skill level 15 in Fighting
 36217 | Vaults:3 | Reached skill level 15 in Armour
 36217 | Vaults:3 | Reached skill level 15 in Shields
 36995 | Vaults:4 | Reached skill level 15 in Invocations
 37219 | Vaults:4 | Reached skill level 14 in Axes
 37446 | Vaults:4 | Found the +7 sceptre of Torment
 38256 | Vaults:5 | Entered Level 5 of the Vaults
 38269 | Vaults:4 | Reached XP level 22. HP: 175/175 MP: 36/40
 38631 | Vaults:5 | Noticed Saint Roka
 38661 | Vaults:5 | Killed Saint Roka
 38853 | Vaults:5 | Reached skill level 15 in Maces & Flails
 38966 | Vaults:5 | Cast into level 2 of the Abyss (a deep elf demonologist)
 39143 | Abyss:2  | Found a hide-covered altar of Uskayaw.
 39186 | Abyss:2  | Gained mutation: You occasionally shout uncontrollably at your foes. [a cacodemon]
 39188 | Abyss:2  | Gained mutation: You are very dopey. (Int -4) [a cacodemon]
 39201 | Abyss:2  | Gained mutation: You sometimes yell uncontrollably at your foes. [a cacodemon]
 39268 | Vaults:5 | Escaped the Abyss
 39518 | Vaults:5 | Got a silver rune of Zot
 39560 | Vaults:5 | Reached XP level 23. HP: 179/183 MP: 32/41
 39668 | Vaults:5 | Identified the Catalogue of the Immovable Friends
 39796 | Vaults:5 | Found the +3 crown of Dyrovepreva {rElec Int+2 SInv}
 40156 | Vaults:5 | Found Hicyrph's Antique Armour Shoppe.
 40174 | Vaults:5 | Learned a level 1 spell: Summon Butterflies
 40185 | Vaults:5 | Learned a level 1 spell: Apportation
 40805 | Elf:1    | Entered Level 1 of the Elven Halls
 41601 | Elf:2    | Reached skill level 15 in Short Blades
 41601 | Elf:2    | Reached skill level 15 in Long Blades
 41601 | Elf:2    | Reached skill level 15 in Axes
 41601 | Elf:2    | Reached skill level 15 in Polearms
 41601 | Elf:2    | Reached skill level 15 in Staves
 41601 | Elf:2    | Reached skill level 15 in Slings
 41601 | Elf:2    | Reached skill level 15 in Bows
 41601 | Elf:2    | Reached skill level 15 in Crossbows
 41601 | Elf:2    | Reached skill level 15 in Throwing
 41601 | Elf:2    | Reached skill level 15 in Dodging
 41601 | Elf:2    | Reached skill level 15 in Stealth
 41601 | Elf:2    | Reached skill level 15 in Unarmed Combat
 41601 | Elf:2    | Reached skill level 15 in Spellcasting
 41601 | Elf:2    | Reached skill level 15 in Evocations
 41644 | Elf:2    | Found a ruined gateway.
 41650 | Desolati | Entered the Desolation of Salt
 42086 | Desolati | Identified Ipriusch's Papyrus of the Traveller and Enhancements
 42088 | Desolati | Identified the Volume of Summoning
 42277 | Desolati | Identified the +3 plate armour "Torawy" {rElec rF+ Stlth-} (You found it in the Desolation of Salt)
 42279 | Desolati | Identified the Catalogue of Dislocation and Cold
 42307 | Desolati | Found the +8 storm bow {elec}
 42308 | Desolati | Found the +4 skin of Zhor {rC+++}
 42313 | Desolati | Got a warped bronze ring
 42314 | Desolati | Identified the ring of Itrowk {rC- rN+ Dex+6 Slay+3} (You found it in the Desolation of Salt)
 42506 | Desolati | Reached XP level 24. HP: 191/191 MP: 42/42
 42621 | Elf:2    | Upgraded the game from 0.22-a0-259-gdd11e71 to 0.22-a0-265-g0d8bc90
 42792 | Elf:2    | Found a runed gate.
 42792 | Elf:2    | Found a runed gate.
 42804 | Elf:2    | Found a runed gate.
 43866 | Lair:1   | Learned a level 6 spell: Freezing Cloud
 43975 | Elf:3    | Entered Level 3 of the Elven Halls
 44526 | Elf:3    | Noticed Jorgrun
 44531 | Elf:3    | Killed Jorgrun
 44549 | Elf:3    | Cast into level 4 of the Abyss (a deep elf sorcerer)
 45301 | Abyss:4  | Found a runed door.
 45365 | Abyss:4  | Found a runed door.
 45382 | Abyss:5  | Entered Level 5 of the Abyss
 45680 | Abyss:5  | Paralysed by a great orb of eyes for 5 turns
 45705 | Abyss:5  | Found a corrupted altar of Lugonu.
 45807 | Abyss:5  | Reached XP level 25. HP: 151/200 MP: 37/42
 45875 | Abyss:5  | Found a corrupted altar of Lugonu.
 45992 | Elf:3    | Escaped the Abyss
 46323 | Elf:3    | Cast into level 3 of the Abyss (a deep elf sorcerer)
 46569 | Abyss:3  | Reached skill level 16 in Axes
 46572 | Abyss:3  | Found a corrupted altar of Lugonu.
 46639 | Abyss:3  | Found a corrupted altar of Lugonu.
 46725 | Abyss:3  | Found a corrupted altar of Lugonu.
 46733 | Abyss:3  | Paralysed by accursed screaming for 1 turns
 46834 | Elf:3    | Escaped the Abyss
 46972 | Elf:3    | Identified the cursed +1 leather armour "Hicuust" {+Blink rF+} (You found it on level 3 of the Elven Halls)
 46979 | Elf:3    | Learned a level 3 spell: Regeneration
 47023 | Elf:3    | Identified the +2 mace of the Establishment {freeze, rC+ MR+ Str+4} (You found it on level 3 of the Elven Halls)
 47238 | Elf:3    | Identified the Catalogue of Changing and Snow
 47286 | Elf:3    | Identified the Volume of Supportive Ignition
 47292 | Elf:3    | Identified Belenk's Incunabulum of the Rocks and Protection
 47577 | Elf:3    | Identified the +7 battleaxe "Usiptis" {chop, Str+3} (You found it on level 3 of the Elven Halls)
 48024 | Vaults:1 | Bought a scroll of fog for 28 gold pieces
 48024 | Vaults:1 | Bought a scroll of blinking for 105 gold pieces
 48024 | Vaults:1 | Bought a scroll of teleportation for 42 gold pieces
 48024 | Vaults:1 | Bought a scroll of identify for 28 gold pieces
 48024 | Vaults:1 | Bought a scroll of identify for 28 gold pieces
 48024 | Vaults:1 | Bought a scroll of magic mapping for 49 gold pieces
 48024 | Vaults:1 | Bought a scroll of acquirement for 728 gold pieces
 48024 | Vaults:1 | Bought a scroll of identify for 28 gold pieces
 48024 | Vaults:1 | Bought a scroll of brand weapon for 280 gold pieces
 48024 | Vaults:1 | Bought a scroll of fog for 28 gold pieces
 48029 | Vaults:1 | Identified the +2 pair of gloves of Tulips {Str+4} (You acquired it on level 1 of the Vaults)
 48834 | Depths:3 | Identified the cursed -3 pair of boots of New Discoveries {+Blink rElec rN+ Str-5 Dex+2} (You found it on level 3 of the Depths)
 49000 | Depths:3 | Reached XP level 26. HP: 182/208 MP: 43/43
 49571 | Depths:4 | Found Ahupus's Antique Armour Shoppe.
 49670 | Depths:4 | Found a one-way gate to the infinite horrors of the Abyss.
 49812 | Hell     | Entered the Vestibule of Hell
 49812 | Hell     | Noticed Geryon
 49830 | Depths:5 | Entered Level 5 of the Depths
 50022 | Depths:5 | Reached skill level 17 in Axes
 50599 | Depths:5 | Noticed Xtahua
 50614 | Depths:5 | Killed Xtahua
 50783 | Depths:5 | Learned a level 6 spell: Death Channel
 50787 | Depths:5 | Learned a level 3 spell: Vampiric Draining
 50875 | Depths:5 | Found a gateway to a ziggurat.
 50885 | Zig:1    | Entered Level 1 of a ziggurat
 50906 | Zig:2    | Entered Level 2 of a ziggurat
 50949 | Zig:3    | Entered Level 3 of a ziggurat
 50961 | Zig:3    | Paralysed by accursed screaming for 1 turns
 50966 | Zig:3    | Paralysed by accursed screaming for 2 turns
 51146 | Zig:4    | Entered Level 4 of a ziggurat
 51187 | Zig:5    | Entered Level 5 of a ziggurat
 51254 | Zig:6    | Entered Level 6 of a ziggurat
 51299 | Zig:6    | Got a steaming bone ring
 51301 | Zig:6    | Identified the ring of Hiqoduhe {rN+ Str+6 Int+2} (You found it on level 6 of a ziggurat)
 51347 | Zig:7    | Entered Level 7 of a ziggurat
 51360 | Zig:7    | Gained mutation: Armour fits poorly on your strangely shaped body. [a shining eye]
 51383 | Zig:7    | Identified the cursed +2 eveningstar "Lotatrokk" {freeze, *Rage +Rage rC+ rN++} (You found it on level 7 of a ziggurat)
 51392 | Zig:7    | Identified the Collected Works on Contamination and Sinister Magic
 51406 | Zig:8    | Entered Level 8 of a ziggurat
 51584 | Zig:8    | Identified the Catalogue of Transformation
 51587 | Zig:8    | Got a vibrating steel amulet
 51588 | Zig:8    | Identified the amulet "Qoqetugiu" {Harm *Drain Fragile rN+ Str+2 Int+2} (You found it on level 8 of a ziggurat)
 51613 | Zig:9    | Entered Level 9 of a ziggurat
 51734 | Zig:10   | Entered Level 10 of a ziggurat
 51744 | Zig:10   | Noticed a shard shrike
 51746 | Zig:10   | Noticed a shard shrike
 51747 | Zig:10   | Killed a shard shrike
 51748 | Zig:10   | Killed a shard shrike
 51752 | Zig:10   | Noticed a shard shrike
 51760 | Zig:10   | Killed a shard shrike
 51780 | Zig:10   | Reached XP level 27. HP: 204/217 MP: 33/44
 51823 | Zig:11   | Entered Level 11 of a ziggurat
 51857 | Zig:11   | Reached skill level 18 in Axes
 51905 | Zig:11   | Identified the ring of Divine Intervention {Int+2 SInv} (You found it on level 11 of a ziggurat)
 51937 | Zig:11   | Identified Sif Muna's Grimoire of the Entrancing Volcanoes
 51950 | Zig:12   | Entered Level 12 of a ziggurat
 52114 | Zig:12   | Identified Nazadero's Tome of the Entourage and Combat Magic
 52128 | Zig:12   | Identified Sif Muna's Guide on the Congealing Oath
 52139 | Zig:13   | Entered Level 13 of a ziggurat
 52191 | Zig:13   | Reached skill level 15 in Conjurations
 52229 | Zig:13   | Found the ring of the Octopus King
 52231 | Zig:13   | Found the amulet of the Air {Inacc +Fly rElec EV+5 RMsl}
 52241 | Zig:13   | Identified a ring of the Octopus King {MP+9 AC+1 EV+1 Str+1 Int+1 Dex+1} (You found it on level 13 of a ziggurat)
 52272 | Zig:14   | Entered Level 14 of a ziggurat
 52325 | Zig:14   | Noticed an ancient lich
 52336 | Zig:14   | Cast into level 5 of the Abyss (an ancient lich)
 52336 | Abyss:5  | Entered Level 5 of the Abyss
 52336 | Abyss:5  | Found a corrupted altar of Lugonu.
 52525 | Abyss:5  | Identified the amulet of the Genius {Reflect Str+5 Dex+3 Slay-5 SH+3} (You found it on level 5 of the Abyss)
 52565 | Abyss:5  | Reached skill level 15 in Hexes
 52565 | Abyss:5  | Reached skill level 15 in Charms
 52565 | Abyss:5  | Reached skill level 15 in Summonings
 52565 | Abyss:5  | Reached skill level 15 in Necromancy
 52565 | Abyss:5  | Reached skill level 15 in Translocations
 52565 | Abyss:5  | Reached skill level 15 in Transmutations
 52565 | Abyss:5  | Reached skill level 15 in Fire Magic
 52565 | Abyss:5  | Reached skill level 15 in Ice Magic
 52565 | Abyss:5  | Reached skill level 15 in Air Magic
 52565 | Abyss:5  | Reached skill level 15 in Earth Magic
 52565 | Abyss:5  | Reached skill level 15 in Poison Magic
 52774 | Zig:14   | Escaped the Abyss
 52775 | Zig:14   | Noticed an ancient lich
 52797 | Zig:14   | Killed an ancient lich
 52807 | Zig:14   | Killed an ancient lich
 52894 | Zig:14   | Found the +7 Spriggan's Knife {MR+ EV+4 Dex+4 Stlth+}
 52898 | Zig:14   | Identified Hanton's Guide on Displaced Attacks
 52942 | Zig:14   | Got a bloodstained chain mail
 52948 | Zig:14   | Identified the +7 chain mail of the Mantidfly {+Blink Int+3} (You found it on level 14 of a ziggurat)
 52997 | Zig:14   | Learned a level 7 spell: Summon Hydra
 53092 | Depths:5 | Found a gate to the Realm of Zot.
 53591 | Shoals:1 | Entered Level 1 of the Shoals
 53591 | Shoals:1 | Found Juesch's General Store.
 53596 | Shoals:1 | Bought a scroll of holy word for 120 gold pieces
 53755 | Shoals:1 | Found Cargh's Food Emporium.
 53756 | Shoals:1 | Found Zail's Magic Scroll Shoppe.
 53807 | Shoals:1 | Bought a scroll of teleportation for 57 gold pieces
 53807 | Shoals:1 | Bought a scroll of teleportation for 57 gold pieces
 53807 | Shoals:1 | Bought a scroll of teleportation for 57 gold pieces
 54174 | Shoals:2 | Reached skill level 19 in Axes
 54589 | Shoals:2 | Noticed Polyphemus
 54607 | Shoals:2 | Killed Polyphemus
 54884 | Shoals:3 | Noticed Nikola
 54893 | Shoals:3 | Killed Nikola
 55467 | Shoals:4 | Entered Level 4 of the Shoals
 55512 | Shoals:4 | Learned a level 2 spell: Passwall
 55657 | Shoals:4 | Noticed Ilsuiw
 55679 | Shoals:4 | Killed Ilsuiw
 55940 | Shoals:4 | Got a barnacled rune of Zot
 56832 | Zot:1    | Entered Level 1 of the Realm of Zot
 57391 | Zot:1    | Reached skill level 20 in Axes
 57647 | Zot:1    | Cast into level 5 of the Abyss (a Zot trap)
 57647 | Abyss:5  | Entered Level 5 of the Abyss
 57660 | Zot:1    | Escaped the Abyss
 57980 | Zot:2    | Learned a level 3 spell: Lesser Beckoning
 58143 | Zot:2    | Learned a level 6 spell: Bolt of Cold
 59890 | Zot:4    | Reached skill level 21 in Axes
 60082 | Zot:4    | Noticed an orb of fire
 60082 | Zot:4    | Gained mutation: Scrolls take you a little longer to read. [an orb of fire]
 60098 | Zot:4    | Killed an orb of fire
 60848 | Zot:5    | Entered Level 5 of the Realm of Zot
 60911 | Zot:5    | Noticed an ancient lich
 60924 | Zot:5    | Killed an ancient lich
 61054 | Zot:5    | Noticed an ancient lich
 61067 | Zot:5    | Killed an ancient lich
 61149 | Zot:5    | Noticed an ancient lich
 61160 | Zot:5    | Killed an ancient lich
 61201 | Zot:5    | Noticed an ancient lich
 61218 | Zot:5    | Killed an ancient lich
 61271 | Zot:5    | Noticed an orb of fire
 61286 | Zot:5    | Killed an orb of fire
 61303 | Zot:5    | Noticed an orb of fire
 61303 | Zot:5    | Gained mutation: You are clumsy. (Dex -2) [an orb of fire]
 61319 | Zot:5    | Killed an orb of fire
 61334 | Zot:5    | Noticed an ancient lich
 61347 | Zot:5    | Killed an ancient lich
 61348 | Zot:5    | Noticed an ancient lich
 61354 | Zot:5    | Killed an ancient lich
 61394 | Zot:5    | Reached skill level 22 in Axes
 61400 | Zot:5    | Noticed an ancient lich
 61416 | Zot:5    | Killed an ancient lich
 61677 | Zot:5    | Noticed an ancient lich
 61688 | Zot:5    | Killed an ancient lich
 62040 | Zot:5    | Got the Orb of Zot
 62057 | Zot:5    | Noticed an ancient lich
 62070 | Zot:5    | Noticed an ancient lich
 62073 | Zot:4    | Killed an ancient lich
 62081 | Zot:4    | Lost mutation: Armour fits poorly on your strangely shaped body. [potion of mutation]
 62081 | Zot:4    | Lost mutation: You are very dopey. (Int -4) [potion of mutation]
 62081 | Zot:4    | Lost mutation: You are covered in thick fur. (AC +2) [potion of mutation]
 62081 | Zot:4    | Gained mutation: You can translocate small distances at will. [potion of mutation]
 62082 | Zot:4    | Lost mutation: You are clumsy. (Dex -2) [potion of mutation]
 62082 | Zot:4    | Lost mutation: Your natural rate of healing is unusually fast. [potion of mutation]
 62082 | Zot:4    | Lost mutation: Scrolls take you a little longer to read. [potion of mutation]
 62082 | Zot:4    | Gained mutation: Your spells are a little easier to cast, but a little less powerful. [potion of mutation]
 62082 | Zot:4    | Lost mutation: You can translocate small distances at will. [potion of mutation]
 62082 | Zot:4    | Gained mutation: You are resistant to hostile enchantments. (MR+) [potion of mutation]
 62083 | Zot:4    | Lost mutation: You are covered in fur. (AC +1) [potion of mutation]
 62083 | Zot:4    | Lost mutation: You are resistant to hostile enchantments. (MR+) [potion of mutation]
 62083 | Zot:4    | Lost mutation: Your spells are a little easier to cast, but a little less powerful. [potion of mutation]
 62083 | Zot:4    | Gained mutation: You are partially covered in rugged brown scales. (AC +1, +3% HP) [potion of mutation]
 62459 | D:11     | Noticed a seraph
 62493 | D:10     | Killed a seraph
 62573 | D:7      | Noticed Wyarann the pandemonium lord
 62707 | D:$      | Escaped with the Orb!

Vault maps used:
D:1:      dpeg_arrival_rhombus, st_stairs_14
D:2:      gammafunk_temple_overflow_pools, vehumet_crystals, first_ration,
          st_stairs_9, grunt_qazlal_clouds
D:3:      bloody_makhleb, uniq_crazy_yiuf_cottage
D:4:      minmay_temple_entry_glassed_door, minmay_misc_feat_pillars
D:5:      nicolae_ru_awakened_eye, xom_teletrap_fun
D:6:      grunt_temple_overflow_open, uniq_duvessa
D:7:      serial_shops, kennysheep_mini_moat, uniq_joseph
D:8:      grunt_temple_overflow_gold_and_silver, uniq_maurice
D:9:      dpeg_oklobed_lair, erik_orc_4, grunt_pizzeria, uniq_psyche
D:11:     erik_rubicon_a, uniq_fannar
D:12:     portal_ice_cave_entry_imps, hangedman_decor_growths,
          grunt_decor_mini_mirrors, lemuel_statue_altar
D:13:     david_vaults_2, hangedman_decor_peaks_small, basic_loot_grate_trap,
          uniq_urug
D:14:     minmay_misc_feat_doors, basic_altar, uniq_louise, uniq_rupert
D:15:     hangedman_depths_entry_try_elsewhere_first, chequers_big_river,
          hangedman_decor_slide_cut, uniq_kirke, uniq_agnes
Temple:   cyrus_circular_temple
Lair:1:   beast_lair_carwin_large_4, minmay_stone_trees_small,
          serial_bayou_lagoon_b, uniq_erica
Lair:2:   beast_lair_carwin_large_1
Lair:3:   minmay_snake_entry_six_corridors, nicolae_volcano_entry_batcave,
          minivault_25, infiniplex_staircase_pool
Lair:4:   minmay_shoals_entry_hut, grunt_megastairs_1, uniq_snorg
Lair:5:   lemuel_fruit_fields
Lair:6:   cheibrodos_lair_end_hotspot, minmay_slime_entry_oklob_open,
          lab_entry_generic, uniq_nessos
Shoals:1: serial_shops, nicolae_shop_stone,
          nicolae_shop_competitors_out_of_business, nicolae_shop_trees
Shoals:2: uniq_polyphemus
Shoals:3: uniq_nikola
Shoals:4: shoals_end_hangedman, shoals_ilsuiw_alternative
Snake:1:  nicolae_snake_lava_pool, minmay_shoptagon
Snake:2:  minmay_shop_grove, uniq_aizul, uniq_vashnia, uniq_azrael
Snake:3:  nicolae_snake_hallway
Snake:4:  grunt_snake_rune_serpentine_throne
Orc:1:    nicolae_orc_accident_2, serial_shops, shop, shop_statue
Orc:2:    grunt_orc_gardens, grunt_orc_garden, grunt_orc_garden,
          grunt_orc_garden, grunt_orc_garden, mines4_lemuel
Elf:1:    eino_elf_arrival_sip, kennysheep_underground_church, spider_trap
Elf:2:    portal_desolation_entry_salt
Elf:3:    minmay_elf_hall_four_x, spider_trap, uniq_jorgrun
Vaults:1: nicolae_vaults_mini_display_case, hangedman_vaults_maws,
          vaults_room_pool, vaults_standard_mumra_lines, vaults_dpeg_hooks,
          vaults_room_stairs_pillars, nicolae_vaults_what_the_h,
          vaults_dpeg_diagonal, vaults_mumra_hexcomb, serial_shops, shop
Vaults:2: grunt_vaults_focal, vaults_dpeg_ring, v_misc_26, v_pattern_2,
          ontoclasm_vaults_shuriken, v_alt_pattern_1,
          nicolae_vaults_an_arrangement, hangedman_vaults_nails, serial_ice_b,
          hangedman_vaults_pinch, vaults_room_fancy_cross, serial_shops, shop,
          uniq_sojobo, uniq_frederick
Vaults:3: minmay_crypt_entry_necro_gods, vaults_room_fancy_cross,
          hangedman_vaults_stretched_pinwheel, hangedman_vaults_maws, v_misc_24,
          grunt_vaults_trifunnel, v_misc_26, nicolae_vaults_little_squares_4,
          ontoclasm_vaults_chip, ontoclasm_vaults_decontamination
Vaults:4: nicolae_vaults_puzzle_piece, nicolae_vaults_little_squares_3,
          nicolae_vaults_network_periphery, vaults_room_ringed_pool, st_check,
          hangedman_vaults_restitches, nicolae_vaults_network_square,
          nicolae_vaults_network_quinsquares, v_misc_10,
          nicolae_vaults_little_squares_3, ontoclasm_vaults_pinch,
          vaults_room_pool
Vaults:5: serial_shops, uniq_saint_roka
Depths:1: grunt_pan_entry_zigzag, serial_glass, glass_columns_c,
          glass_columns_c, glass_columns_c, glass_columns_a, glass_columns_a,
          glass_columns_b, feat_on_display, item_on_display_a, hell_entry,
          minmay_misc_feat_five, lemuel_freeze_loot_1
Depths:2: grunt_house_of_mirrors, hellmouth_3, pan_entry, serial_shops,
          nicolae_shop_overgrown_old_shop, hex_medium, serial_bayou_shore_b
Depths:3: wad_pebble_path, hangedman_abyss_or_decor_stabs, special_room,
          hell_entry, pan_entry, serial_co_window_serial,
          co_window_of_opportunity_a, co_window_of_opportunity_a,
          co_window_paths_a, co_window_of_opportunity_a, co_window_paths_a,
          co_window_of_opportunity_c, co_window_unsneaky_path_c,
          co_window_paths_c, co_window_4corner_b, glass_columns_b
Depths:4: evilmike_pillar_path, serial_shops, shop_coins,
          hangedman_coc_ice_floe, abyss_entry, minmay_staircase_bubble
Depths:5: grunt_zot_entry_bicorn, enter_ziggurat_b, hell_entry, abyss_entry,
          uniq_xtahua
Zot:1:    kennysheep_room_grid
Zot:2:    hangedman_zot_decor_unnerving_road, st_stairs_5
Zot:4:    grunt_ministairs_7, lemuel_golem_globe
Abyss:3:  hangedman_cross_veins
Abyss:5:  evilmike_abyss_rune_tso_outpost, minivault_24,
          gammafunk_abyss_rune_reverse_zot,
          dshaligram_kb_abyss_rune_zappy_water_cross, evilmike_abyss_exit_6
Zig:4:    ziggurat_pillar_centre_c
Lab:      labyrinth_hidden_loot, nicolae_lab_checkerboard, lab_fountain,
          nicolae_lab_flowing_pool, nicolae_lab_garden, nicolae_lab_grate
IceCv:    ice_cave_caverns_02
Volcano:  volcano_pools

Skill      XL: |  1  2  3  4  5  6  7  8  9 10 11 12 13 14 15 16 17 18 19 20 21 22 23 24 25 26 27 |
---------------+----------------------------------------------------------------------------------+-----
Invocations    | 1 2 3 4 5 6 7 8 9 10 11 12 13 14 15 16 17 18 21 | 21.2
Short Blades   | 1 2 3 4 5 6 7 8 9 10 11 12 13 14 15 16 17 19 | 19.8
Long Blades    | 1 2 3 4 5 6 7 8 9 10 11 12 13 14 15 16 17 19 | 19.8
Axes           | 1 2 3 4 5 6 7 8 9 10 11 12 13 14 15 16 17 22 | 22.5
Polearms       | 1 2 3 4 5 6 7 8 9 10 11 12 13 14 15 16 17 19 | 19.8
Staves         | 1 2 3 4 5 6 7 8 9 10 11 12 13 14 15 16 17 19 | 19.8
Slings         | 1 2 3 4 5 6 7 8 9 10 11 12 13 14 15 16 17 19 | 19.8
Bows           | 1 2 3 4 5 6 7 8 9 10 11 12 13 14 15 16 17 19 | 19.8
Crossbows      | 1 2 3 4 5 6 7 8 9 10 11 12 13 14 15 16 17 19 | 19.8
Throwing       | 1 2 3 4 5 6 7 8 9 10 11 12 13 14 15 16 17 19 | 19.8
Dodging        | 1 2 3 4 5 6 7 8 9 10 11 12 13 14 15 16 17 19 | 19.8
Stealth        | 1 2 3 4 5 6 7 8 9 10 11 12 13 14 15 16 17 19 | 19.8
Unarmed Combat | 1 2 3 4 5 6 7 8 9 10 11 12 13 14 15 16 17 19 | 19.8
Spellcasting   | 1 2 3 4 5 6 7 8 9 10 11 12 13 14 15 16 17 19 | 19.8
Evocations     | 1 2 3 4 5 6 7 8 9 10 11 12 13 14 15 16 17 19 | 19.8
Conjurations   | 1 2 3 4 5 6 7 8 9 10 11 12 13 14 19 | 19.0
Hexes          | 1 2 3 4 5 6 7 8 9 10 11 12 13 14 17 | 17.1
Charms         | 1 2 3 4 5 6 7 8 9 10 11 12 13 14 17 | 17.1
Summonings     | 1 2 3 4 5 6 7 8 9 10 11 12 13 14 17 | 17.1
Necromancy     | 1 2 3 4 5 6 7 8 9 10 11 12 13 14 17 | 17.1
Translocations | 1 2 3 4 5 6 7 8 9 10 11 12 13 14 17 | 17.1
Transmutations | 1 2 3 4 5 6 7 8 9 10 11 12 13 14 17 | 17.1
Fire Magic     | 1 2 3 4 5 6 7 8 9 10 11 12 13 14 17 | 17.1
Ice Magic      | 1 2 3 4 5 6 7 8 9 10 11 12 13 14 17 | 17.1
Air Magic      | 1 2 3 4 5 6 7 8 9 10 11 12 13 14 17 | 17.1
Earth Magic    | 1 2 3 4 5 6 7 8 9 10 11 12 13 14 17 | 17.1
Poison Magic   | 1 2 3 4 5 6 7 8 9 10 11 12 13 14 17 | 17.1
Maces & Flails | 5 6 7 8 9 10 11 12 13 14 15 16 17 20 | 20.1
Fighting       | 7 8 9 10 11 12 13 14 15 16 17 20 | 20.4
Armour         | 7 8 9 10 11 12 13 14 15 16 17 20 | 20.4
Shields        | 7 8 9 10 11 12 13 14 15 16 17 20 | 20.4

Action                   |  1- 3 |  4- 6 |  7- 9 | 10-12 | 13-15 | 16-18 | 19-21 | 22-24 | 25-27 || total
-------------------------+-------+-------+-------+-------+-------+-------+-------+-------+-------++-------
Melee: Flail             |    72 |   228 |    57 |       |       |       |       |       |       ||   357
       Bite              |    10 |    29 |    36 |   121 |   311 |   299 |   419 |   398 |   755 ||  2378
       Trident           |       |       |   191 |   631 |  1356 |  1342 |  1917 |  1735 |  1441 ||  8613
       Broad axe         |       |       |       |       |       |       |       |       |  1626 ||  1626
Throw: Javelin           |       |       |       |     4 |    25 |    32 |    22 |    63 |   105 ||   251
       Tomahawk          |       |       |       |       |     1 |       |       |       |       ||     1
 Cast: Magic Dart        |       |       |       |    15 |     5 |       |       |       |       ||    20
       Blink             |       |       |       |       |       |     5 |     5 |     5 |    19 ||    34
       Irradiate         |       |       |       |       |       |       |    14 |    14 |    41 ||    69
       Lee's Rapid Decon |       |       |       |       |       |       |     2 |    21 |       ||    23
       Freezing Cloud    |       |       |       |       |       |       |       |     6 |    28 ||    34
       Apportation       |       |       |       |       |       |       |       |     1 |    27 ||    28
       Regeneration      |       |       |       |       |       |       |       |       |    54 ||    54
       Death Channel     |       |       |       |       |       |       |       |       |    10 ||    10
       Vampiric Draining |       |       |       |       |       |       |       |       |     3 ||     3
       Bolt of Cold      |       |       |       |       |       |       |       |       |    15 ||    15
       Passwall          |       |       |       |       |       |       |       |       |    10 ||    10
       Summon Hydra      |       |       |       |       |       |       |       |       |     3 ||     3
Invok: Bend Time         |       |       |       |       |     4 |     1 |       |       |     1 ||     6
       Slouch            |       |       |       |       |     5 |     6 |     1 |     8 |    20 ||    40
       Step From Time    |       |       |       |       |       |       |       |       |     2 ||     2
 Abil: Evoke Blink       |       |       |       |       |       |     1 |       |       |       ||     1
       Evoke Invisibilit |       |       |       |       |       |       |     2 |     2 |       ||     4
Evoke: Wand              |       |       |       |       |     6 |    17 |    17 |    18 |    51 ||   109
  Use: Scroll            |     4 |     8 |     5 |     7 |    14 |    17 |    11 |    18 |    53 ||   137
       Potion            |       |     2 |     2 |     2 |     3 |     3 |     1 |     7 |    20 ||    40
 Stab: Distracted        |       |       |       |       |     3 |     1 |     3 |     5 |    31 ||    43
       Sleeping          |       |       |       |       |       |     1 |     5 |     2 |    16 ||    24
       Invisible         |       |       |       |       |       |       |    11 |       |     3 ||    14
  Eat: Chunk             |       |     7 |     6 |     5 |    12 |     4 |     7 |     4 |     6 ||    51
       Ration            |       |       |     1 |     1 |     4 |     5 |     4 |     5 |    13 ||    33
Armor: Crystal plate arm |    70 |   170 |   134 |   349 |   559 |   272 |   471 |   536 |   468 ||  3029
       Fire dragon scale |       |       |       |       |       |    63 |       |       |   244 ||   307
Dodge: Dodged            |     4 |    10 |    28 |   178 |   549 |   536 |   859 |   932 |  1897 ||  4993
Block: Shield            |    50 |   166 |   141 |   431 |   989 |   781 |  1192 |  1289 |  2868 ||  7907

Table legend:
 A = Spawn XP
 B = Non-spawn XP
 C = Spawn XP percentage of total XP
 D = Spawn monster count
 E = Non-spawn monster count
 F = Spawn count percentage of total count
 G = Total turns spent on level
                    A         B        C        D         E        F      G
               +---------+---------+-------+---------+---------+-------+---------
         Total |   78836 | 1988645 |   3.8 |     128 |    2788 |   4.4 | 62707
               +---------+---------+-------+---------+---------+-------+---------
           D:1 |       0 |      41 |   0.0 |       0 |      17 |   0.0 |   624
           D:2 |       0 |      90 |   0.0 |       0 |      15 |   0.0 |   889
           D:3 |       0 |     138 |   0.0 |       0 |      28 |   0.0 |   814
           D:4 |       0 |     560 |   0.0 |       0 |      30 |   0.0 |   902
           D:5 |       0 |     338 |   0.0 |       0 |       9 |   0.0 |   756
           D:6 |       0 |    1199 |   0.0 |       0 |      26 |   0.0 |   600
           D:7 |       0 |    1398 |   0.0 |       0 |      22 |   0.0 |   674
           D:8 |       0 |    2646 |   0.0 |       0 |      30 |   0.0 |  1093
           D:9 |       0 |    3143 |   0.0 |       0 |      36 |   0.0 |  1006
          D:10 |       0 |    2473 |   0.0 |       0 |      29 |   0.0 |  1548
          D:11 |       0 |   11376 |   0.0 |       0 |      59 |   0.0 |  1128
          D:12 |       0 |    3566 |   0.0 |       0 |      26 |   0.0 |   926
          D:13 |       0 |   14113 |   0.0 |       0 |      56 |   0.0 |  1404
          D:14 |       0 |   13523 |   0.0 |       0 |      27 |   0.0 |  1195
          D:15 |       0 |   35245 |   0.0 |       0 |      56 |   0.0 |  1796
        Lair:1 |       0 |    6332 |   0.0 |       0 |      41 |   0.0 |  1323
        Lair:2 |       0 |    7674 |   0.0 |       0 |      32 |   0.0 |  1048
        Lair:3 |       0 |    8861 |   0.0 |       0 |      47 |   0.0 |  1077
        Lair:4 |       0 |   11635 |   0.0 |       0 |      37 |   0.0 |  1358
        Lair:5 |       0 |    8115 |   0.0 |       0 |      30 |   0.0 |   943
        Lair:6 |       0 |   24847 |   0.0 |       0 |      64 |   0.0 |  1465
      Shoals:1 |       0 |    4847 |   0.0 |       0 |      13 |   0.0 |   582
      Shoals:2 |       0 |   25710 |   0.0 |       0 |      47 |   0.0 |   697
      Shoals:3 |       0 |   27497 |   0.0 |       0 |      50 |   0.0 |   646
      Shoals:4 |       0 |   44224 |   0.0 |       0 |      68 |   0.0 |   921
       Snake:1 |       0 |   19443 |   0.0 |       0 |      49 |   0.0 |  1434
       Snake:2 |       0 |   31937 |   0.0 |       0 |      49 |   0.0 |  1079
       Snake:3 |       0 |   22471 |   0.0 |       0 |      48 |   0.0 |  1339
       Snake:4 |       0 |   66461 |   0.0 |       0 |     111 |   0.0 |  1652
         Orc:1 |       0 |    5871 |   0.0 |       0 |      27 |   0.0 |   544
         Orc:2 |       0 |    8060 |   0.0 |       0 |      48 |   0.0 |  1064
         Elf:1 |       0 |   26971 |   0.0 |       0 |      49 |   0.0 |   834
         Elf:2 |       0 |   34635 |   0.0 |       0 |      50 |   0.0 |   743
         Elf:3 |       0 |   87393 |   0.0 |       0 |      74 |   0.0 |  1897
      Vaults:1 |       0 |   39983 |   0.0 |       0 |      79 |   0.0 |  1496
      Vaults:2 |       0 |   52880 |   0.0 |       0 |      90 |   0.0 |  1784
      Vaults:3 |       0 |   39167 |   0.0 |       0 |      56 |   0.0 |  1395
      Vaults:4 |       0 |   65886 |   0.0 |       0 |      78 |   0.0 |  1652
      Vaults:5 |       0 |  113903 |   0.0 |       0 |     107 |   0.0 |  1811
      Depths:1 |       0 |   28037 |   0.0 |       0 |      38 |   0.0 |  1666
      Depths:2 |       0 |   58823 |   0.0 |       0 |      69 |   0.0 |  1677
      Depths:3 |       0 |   68416 |   0.0 |       0 |      94 |   0.0 |  1373
      Depths:4 |       0 |   17002 |   0.0 |       0 |      21 |   0.0 |   351
      Depths:5 |       0 |   71862 |   0.0 |       0 |      57 |   0.0 |  1357
          Hell |       0 |     798 |   0.0 |       0 |       1 |   0.0 |     5
         Zot:1 |       0 |  100353 |   0.0 |       0 |      56 |   0.0 |  1117
         Zot:2 |       0 |   65667 |   0.0 |       0 |      44 |   0.0 |   961
         Zot:3 |       0 |   86056 |   0.0 |       0 |      47 |   0.0 |  1038
         Zot:4 |       0 |  103990 |   0.0 |       0 |      51 |   0.0 |  1008
         Zot:5 |       0 |  194203 |   0.0 |       0 |      54 |   0.0 |  1223
       Abyss:2 |    7612 |    8427 |  47.5 |      11 |      13 |  45.8 |   302
       Abyss:3 |    1870 |   17213 |   9.8 |       3 |      37 |   7.5 |   511
       Abyss:4 |   29605 |   10510 |  73.8 |      46 |      22 |  67.6 |   833
       Abyss:5 |   39749 |   19724 |  66.8 |      68 |      35 |  66.0 |  1061
         Zig:1 |       0 |    1631 |   0.0 |       0 |       1 |   0.0 |    21
         Zig:2 |       0 |    5103 |   0.0 |       0 |       2 |   0.0 |    43
         Zig:3 |       0 |    3011 |   0.0 |       0 |      14 |   0.0 |   197
         Zig:4 |       0 |    1612 |   0.0 |       0 |       7 |   0.0 |    41
         Zig:5 |       0 |    5646 |   0.0 |       0 |       9 |   0.0 |    67
         Zig:6 |       0 |   11172 |   0.0 |       0 |      10 |   0.0 |    93
         Zig:7 |       0 |    6917 |   0.0 |       0 |      10 |   0.0 |    59
         Zig:8 |       0 |    8924 |   0.0 |       0 |      15 |   0.0 |   207
         Zig:9 |       0 |   13265 |   0.0 |       0 |      12 |   0.0 |   121
        Zig:10 |       0 |   21931 |   0.0 |       0 |      14 |   0.0 |    89
        Zig:11 |       0 |   16642 |   0.0 |       0 |      20 |   0.0 |   127
        Zig:12 |       0 |   24653 |   0.0 |       0 |      16 |   0.0 |   189
        Zig:13 |       0 |   29267 |   0.0 |       0 |      22 |   0.0 |   133
        Zig:14 |       0 |   43818 |   0.0 |       0 |      22 |   0.0 |   293
           Lab |       0 |    2768 |   0.0 |       0 |      10 |   0.0 |   361
         IceCv |       0 |   12013 |   0.0 |       0 |      52 |   0.0 |   654
       Volcano |       0 |    2594 |   0.0 |       0 |       5 |   0.0 |   357
    Desolation |       0 |   51945 |   0.0 |       0 |      98 |   0.0 |   954
               +---------+---------+-------+---------+---------+-------+---------
